 Dungeon Crawl Stone Soup version 0.26-a0-259-g1effd001a9 (webtiles) character file.

Game seed: 4807752955419765891

26169 gruber the Black Sun (level 12, -1/102 HPs)
             Began as a Demonspawn Necromancer on July 26, 2020.
             Was a High Priest of Kikubaaqudgha.
             Slain by a white ugly thing (25 damage)
             ... on level 13 of the Dungeon.
             The game lasted 00:30:05 (19261 turns).

gruber the Black Sun (Demonspawn Necromancer)      Turns: 19261, Time: 00:30:07

Health: -1/102     AC: 11    Str:  9    XL:     12   Next: 95%
Magic:  0/21       EV: 16    Int: 22    God:    Kikubaaqudgha [*****.]
Gold:   694        SH:  0    Dex: 13    Spells: 5/23 levels left

rFire    . . .     SeeInvis .   A - +2 war axe (elec)
rCold    . . .     Faith    .   (no shield)
rNeg     . . .     Spirit   +   X - +0 troll leather armour
rPois    .         Reflect  .   (no helmet)
rElec    .         Harm     .   P - scarf {+Inv}
rCorr    .                      H - +0 pair of gloves
MR       .....                  (no boots)
Stlth    ++........             C - amulet of guardian spirit
HPRegen  0.67/turn              u - +4 ring of protection
MPRegen  0.17/turn              Y - +4 ring of evasion

@: no status effects
A: foul stench 1, spiny 2, rot immunity
a: Receive Corpses, Torment, Renounce Religion, Evoke Invisibility


You were on level 13 of the Dungeon.
You worshipped Kikubaaqudgha.
Kikubaaqudgha was extremely pleased with you.
You were not hungry.

You visited 2 branches of the dungeon, and saw 14 of its levels.

You collected 754 gold pieces.
You spent 60 gold pieces at shops.

Inventory:

Hand Weapons
 A - a +2 war axe of electrocution (weapon)
 F - a +4 shortbow
 K - the +3 dagger "Dyhuh" {drain, rF+ rC+ Str-3 Int+5}
   (You found it on level 14 of the Dungeon)

   A truly terrible weapon, it drains the life of those it strikes.
   It affects your strength (-3).
   It affects your intelligence (+5).
   It protects you from fire.
   It protects you from cold.
Missiles
 b - 5 javelins (quivered)
 f - 3 silver javelins
 r - 34 poisoned darts
 G - 64 arrows
Armour
 H - a +0 pair of gloves (worn)
 M - the +1 scale mail "Nuurch" {rElec rPois MR++ Regen+ Dex-4}
   (You found it on level 7 of the Dungeon)

   It affects your dexterity (-4).
   It insulates you from electricity.
   It protects you from poison.
   It affects your resistance to hostile enchantments.
   It increases your rate of regeneration.
 P - a scarf of invisibility (worn)
 X - a +0 troll leather armour (worn)
Jewellery
 e - an uncursed ring of protection from cold
 t - an uncursed ring of protection from magic
 u - a +4 ring of protection (left hand)
 B - an uncursed ring of protection from fire
 C - an amulet of guardian spirit (around neck)
 O - an uncursed ring of resist corrosion
 Y - a +4 ring of evasion (right hand)
Wands
 n - a wand of flame (35)
 y - a wand of disintegration (14)
 I - a wand of random effects (18)
 L - a wand of acid (12)
 S - a wand of polymorph (10)
 W - a wand of iceblast (8)
Scrolls
 a - 3 scrolls of identify
 d - 3 scrolls of enchant armour {unknown}
 i - 4 scrolls of blinking {unknown}
 j - a scroll of enchant weapon {unknown}
 k - 5 scrolls of remove curse
 l - 11 scrolls of teleportation {unknown}
 o - 5 scrolls of random uselessness {unknown}
 q - 3 scrolls of fear {unknown}
 v - 2 scrolls of immolation {unknown}
 E - 2 scrolls of fog {unknown}
 Q - a scroll of magic mapping {unknown}
 R - a scroll of silence {unknown}
 U - a scroll of holy word {unknown}
 V - a scroll of amnesia {unknown}
 Z - a scroll of torment {unknown}
Potions
 g - 3 potions of brilliance
 h - 4 potions of curing
 m - a potion of lignification
 p - 3 potions of heal wounds
 s - 3 potions of haste {unknown}
 w - 3 potions of flight {unknown}
 x - a potion of mutation {unknown}
 z - a potion of magic {unknown}
 D - 3 potions of berserk rage {unknown}
 J - a potion of might {unknown}
 N - 4 potions of degeneration {unknown}
 T - a potion of cancellation {unknown}
Comestibles
 c - 25 rations


   Skills:
 - Level 12.0 Fighting
 - Level 8.0 Axes
 - Level 9.0 Armour
 - Level 1.7 Dodging
 - Level 1.7 Stealth
 - Level 6.2 Spellcasting
 * Level 13.0 Necromancy


You had 5 spell levels left.
You knew the following spells:

 Your Spells              Type           Power        Failure   Level
a - Pain                  Necr           ####         1%          1
b - Animate Skeleton      Necr           ######       1%          1
c - Vampiric Draining     Necr           ######....   1%          3
d - Animate Dead          Necr           ######....   1%          4
e - Borgnjor's Vile Clut  Necr/Erth      #####.....   22%         5
f - Dispel Undead         Necr           ######..     1%          4

Your spell library contained the following spells:

 Spells                   Type           Power        Failure   Level
 Corpse Rot               Necr/Air       N/A          1%          2
 Sublimation of Blood     Necr           ######....   1%          2
 Agony                    Necr           ######..     1%          5
 Freeze                   Ice            #...         12%         1
 Excruciating Wounds      Chrm/Necr      #####.....   22%         5
 Confusing Touch          Hex            #.......     34%         3
 Frozen Ramparts          Ice            #.....       34%         3
 Gell's Gravitas          Tloc           #.........   34%         3
 Ozocubu's Armour         Chrm/Ice       #.......     34%         3
 Hailstorm                Conj/Ice       #.......     75%         4
 Petrify                  Tmut/Erth      #.......     75%         4
 Summon Ice Beast         Ice/Summ       #.......     75%         4
 Metabolic Englaciation   Hex/Ice        #.........   97%         5
 Yara's Violent Unravell  Hex/Tmut       #.........   97%         5
 Simulacrum               Ice/Necr       #####.....   77%         6


Dungeon Overview and Level Annotations

Branches:
Dungeon (14/15)            Temple (1/1) D:7            Lair (0/6) D:11
    Orc (0/2) D:12         Vaults (0/5) D:13

Altars:
Ashenzari
Cheibriados
Dithmenos
Elyvilon
Fedhas
Gozag
Hepliaklqana
Kikubaaqudgha
Makhleb
Okawaru
Qazlal
Ru
Sif Muna
Trog
Uskayaw
Vehumet
Xom
The Shining One

Shops:
D:5 =   D:8 *   D:10 =

Annotations:
D:14 Kirke


Innate Abilities, Weirdness & Mutations

You may emit foul miasma when damaged in melee.
You are mostly covered in sharp spines.
You are immune to rotting.


Message History

The white ugly thing is severely wounded.
The white ugly thing completely misses you.
You closely miss the white ugly thing.
The white ugly thing is severely wounded.
The white ugly thing claws you but does no damage.
Unknown command.
You barely miss the white ugly thing.
The white ugly thing is severely wounded.
The white ugly thing claws you. The white ugly thing freezes you!!
* * * LOW HITPOINT WARNING * * *
The white ugly thing looks sick.
Unknown command.
Unknown command.
You slash the white ugly thing!
The white ugly thing is almost dead.
The white ugly thing claws you!
* * * LOW HITPOINT WARNING * * *
The white ugly thing freezes you!!
You die...
Kikubaaqudgha rasps: "You have failed me!
Welcome... death!"

.................................
.................................
.................................
.................................
.................................
.......#.........................
......###........................
.......#......#..................
.............###@................
..............#u°................
.................................
...#.............................
..###.....>......................
...#...................8.........
.................................
..............#........8.........
.............###.................


You could see a white ugly thing (sick).

Vanquished Creatures
  3 vault guards (D:13)
  2 two-headed ogres
  6 unseen horrors
  8 ugly things
  2 manticores
  A gargoyle (D:10)
  3 tengu conjurers
  3 meliai (D:13)
  3 trolls
  2 hornets
  9 slime creatures
  19 yaks
  5 shadows
  A wyvern (D:10)
  9 humans
  An ice beast (D:5)
  3 orc warriors
  3 sky beasts
  2 black bears
  A phantom (D:14)
  A necrophage (D:10)
  3 ogres
  2 wolves (D:11)
  3 centaurs
  A big kobold (D:13)
  3 wyvern zombies
  6 bullfrogs
  A gnoll sergeant (D:10)
  3 scorpions
  3 killer bees (D:7)
  7 wights
  4 electric eels (D:11)
  6 howler monkeys
  A bullfrog zombie (D:5)
  A gnoll shaman (D:5)
  3 centaur zombies
  8 hounds
  4 jellies
  4 orc priests
  5 bullfrog skeletons
  4 iguanas
  7 orc wizards
  A centaur skeleton (D:7)
  9 worker ants
  6 ogre zombies (D:12)
  2 hound zombies (D:5)
  2 hound skeletons
  A worker ant zombie (D:10)
  10 gnolls
  17 adders
  A shadow imp (D:7)
  A white imp (D:10)
  2 ufetubi
  6 oozes
  A worm (D:2)
  2 dart slugs
  4 leopard geckos
  34 orcs
  8 bats
  4 giant cockroaches
  13 goblins
  7 hobgoblins
  6 jackals
  3 quokkas
  A ball python (D:5)
  A ball python skeleton (D:4)
  3 frilled lizards
  A goblin skeleton (D:12)
  A hobgoblin skeleton (D:12)
  3 hobgoblin zombies (D:12)
  A jackal zombie (D:6)
  6 kobolds
  2 orc skeletons (D:12)
  12 orc zombies (D:12)
  A quokka zombie (D:6)
  6 rats
344 creatures vanquished.

Vanquished Creatures (collateral kills)
  A vault guard (D:13)
  A slime creature (D:12)
  4 yaks
  A human (D:6)
  A phantom (D:7)
  2 orc wizards (D:6)
  4 orcs
14 creatures vanquished.

Vanquished Creatures (others)
  3 humans (D:13)
3 creatures vanquished.

Grand Total: 361 creatures vanquished

Notes
Turn   | Place    | Note
-------+----------+-------------------------------------------
     0 | D:1      | gruber the Demonspawn Necromancer began the quest for the
                  | Orb.
     0 | D:1      | Reached XP level 1. HP: 13/13 MP: 3/3
   379 | D:1      | Gained mutation: You are immune to rotting. [demonic
                  | ancestry]
   379 | D:1      | Reached XP level 2. HP: 19/19 MP: 3/5
   710 | D:1      | Reached skill level 5 in Necromancy
   988 | D:2      | Learned a level 1 spell: Animate Skeleton
  1117 | D:2      | Found a shadowy altar of Dithmenos.
  1156 | D:2      | Reached XP level 3. HP: 19/24 MP: 2/6
  1930 | D:2      | Found a faded altar of an unknown god.
  1943 | D:2      | Reached skill level 6 in Necromancy
  2286 | D:2      | Found a hide-covered altar of Uskayaw.
  2302 | D:3      | Reached XP level 4. HP: 29/30 MP: 4/7
  2401 | D:3      | Found a shattered altar of Ashenzari.
  2533 | D:3      | Learned a level 3 spell: Vampiric Draining
  3224 | D:3      | Reached skill level 7 in Necromancy
  3224 | D:3      | Reached XP level 5. HP: 34/35 MP: 4/8
  3744 | D:4      | Found a radiant altar of Vehumet.
  4504 | D:5      | Entered Level 5 of the Dungeon
  4509 | D:5      | Reached skill level 8 in Necromancy
  4524 | D:5      | Gained mutation: You are partially covered in sharp spines.
                  | [demonic ancestry]
  4524 | D:5      | Reached XP level 6. HP: 38/41 MP: 2/9
  4530 | D:5      | Learned a level 4 spell: Animate Dead
  4667 | D:5      | Found Hyfac's Jewellery Boutique.
  4667 | D:5      | Noticed a sky beast
  4696 | D:5      | Killed a sky beast
  4904 | D:5      | Reached skill level 9 in Necromancy
  5056 | D:5      | Gained mutation: You may emit foul miasma when damaged in
                  | melee. [demonic ancestry]
  5056 | D:5      | Reached XP level 7. HP: 41/46 MP: 3/11
  5941 | D:6      | Found a shimmering blue altar of Sif Muna.
  5941 | D:6      | Found an opulent altar of Gozag.
  5941 | D:6      | Found a white marble altar of Elyvilon.
  5941 | D:6      | Noticed a human
  5941 | D:6      | Noticed a human
  5943 | D:6      | Noticed a human
  5953 | D:5      | Killed a human
  5953 | D:5      | Reached skill level 5 in Spellcasting
  6021 | D:6      | Reached XP level 8. HP: 45/52 MP: 8/16
  6207 | D:6      | Reached skill level 1 in Fighting
  6665 | D:6      | Reached skill level 5 in Fighting
  6739 | D:6      | HP: 2/64 [wyvern zombie (9)]
  7279 | D:6      | Found a shattered altar of Ashenzari.
  7316 | D:6      | Found a blossoming altar of Fedhas.
  7361 | D:6      | Reached XP level 9. HP: 66/71 MP: 18/18
  7468 | D:6      | Found a glowing golden altar of the Shining One.
  8803 | D:7      | Got a slimy scale mail
  8804 | D:7      | Identified the +1 scale mail "Nuurch" {rElec rPois MR++
                  | Regen+ Dex-4} (You found it on level 7 of the Dungeon)
  9692 | D:7      | Found a staircase to the Ecumenical Temple.
  9974 | Temple   | Entered the Ecumenical Temple
 10000 | Temple   | Became a worshipper of Kikubaaqudgha
 10054 | D:8      | Found Tulax's General Store.
 10060 | D:8      | Bought a scroll of identify for 24 gold pieces
 10060 | D:8      | Bought a scroll of remove curse for 36 gold pieces
 10129 | D:7      | Reached skill level 10 in Fighting
 10887 | D:8      | Found a stormy altar of Qazlal.
 10988 | D:8      | You fall into a shaft and drop 2 floors!
 10988 | D:10     | Entered Level 10 of the Dungeon
 11093 | D:10     | Reached XP level 10. HP: 86/86 MP: 19/19
 11165 | D:10     | Found Dihopt's Jewellery Shop.
 11245 | D:10     | Reached skill level 1 in Axes
 11319 | D:10     | Killed an unseen horror
 11651 | D:10     | Reached * piety under Kikubaaqudgha
 11651 | D:10     | Identified Kikubaaqudgha's Grimoire of Evil Secrets
                  | (Kikubaaqudgha gifted it to you on level 10 of the Dungeon)
 11651 | D:10     | Received a gift from Kikubaaqudgha
 11858 | D:10     | Noticed a two-headed ogre
 11866 | D:10     | Killed a two-headed ogre
 12322 | D:10     | Paralysed by a hornet for 1 turns
 12537 | D:10     | Reached skill level 5 in Axes
 13129 | D:10     | Killed an unseen horror
 13129 | D:10     | Reached XP level 11. HP: 67/95 MP: 12/20
 13567 | D:11     | Killed an unseen horror
 13916 | D:11     | Reached ** piety under Kikubaaqudgha
 14228 | D:11     | Found a staircase to the Lair.
 15001 | D:11     | Reached skill level 1 in Armour
 15185 | D:11     | Reached *** piety under Kikubaaqudgha
 15185 | D:11     | Identified Kikubaaqudgha's Tome of Evil (Kikubaaqudgha
                  | gifted it to you on level 11 of the Dungeon)
 15185 | D:11     | Received a gift from Kikubaaqudgha
 15200 | D:11     | Learned a level 5 spell: Borgnjor's Vile Clutch
 15205 | D:11     | Learned a level 4 spell: Dispel Undead
 15279 | D:11     | Killed an unseen horror
 15593 | D:12     | Noticed a green ugly thing
 15603 | D:12     | Noticed a two-headed ogre
 15610 | D:11     | Killed a green ugly thing
 15610 | D:11     | Reached skill level 5 in Armour
 15768 | D:11     | Killed a two-headed ogre
 16095 | D:12     | Found a staircase to the Orcish Mines.
 16216 | D:12     | Reached **** piety under Kikubaaqudgha
 16231 | D:12     | Noticed a green ugly thing
 16243 | D:12     | Killed a green ugly thing
 16900 | D:13     | Gained mutation: You are mostly covered in sharp spines.
                  | [demonic ancestry]
 16900 | D:13     | Reached XP level 12. HP: 59/102 MP: 11/21
 17793 | D:13     | Noticed a vault guard
 17793 | D:13     | Noticed a vault guard
 17820 | D:13     | Killed a vault guard
 17820 | D:13     | Reached skill level 10 in Necromancy
 17826 | D:13     | Killed a vault guard
 17855 | D:13     | Noticed a vault guard
 17974 | D:13     | Killed a vault guard
 18064 | D:13     | Found a gate to the Vaults.
 18064 | D:13     | Noticed a vault guard
 18078 | D:13     | Killed a vault guard
 18078 | D:13     | Reached skill level 11 in Necromancy
 18517 | D:13     | Reached skill level 12 in Necromancy
 18663 | D:14     | Reached ***** piety under Kikubaaqudgha
 18734 | D:14     | Got a fine dagger
 18735 | D:14     | Identified the +3 dagger "Dyhuh" {drain, rF+ rC+ Str-3
                  | Int+5} (You found it on level 14 of the Dungeon)
 19085 | D:14     | Noticed Kirke
 19091 | D:14     | Noticed an eight-headed hydra
 19239 | D:14     | Noticed a two-headed ogre
 19256 | D:13     | Reached skill level 13 in Necromancy
 19261 | D:13     | Slain by a white ugly thing

Illustrated notes

Levels and vault maps discovered:
D:1:      ncdulo_watergridlock, layout_loops_ring, st_stairs_6
D:2:      layout_loops_ring, lemuel_round_altar, first_ration,
          chequers_ecumenical_altar_simple_redux,
          nicolae_dithmenos_shadow_blocks
D:3:      layout_loops_ring, nicolae_ashenzari_panopticon
D:4:      layout_cave_pools, lemuel_doored_altar, kennysheep_generic_room_8
D:5:      corexii_shack_village, layout_basic, serial_shops,
          nicolae_shop_crystal
D:6:      layout_gridville, old_standard_altar, nicolae_overflow_hidden_temple,
          nicolae_overflow_crystal_walls,
          chequers_temple_overflow_statue_of_worship, grunt_ministairs_15,
          minmay_ruffians
D:7:      layout_basic, minmay_temple_entry_steel_oval, st_stairs_13
D:8:      layout_rooms, zin_angel, basic_altar, serial_shops, shop
D:10:     layout_grid_maze, serial_shops, shop
D:11:     layout_irregular_city, erik_lair_island,
          hangedman_little_slice_of_home
D:12:     layout_gridville, zombieorc1_lemuel
D:13:     layout_big_octagon, ximxim_vaults_locker_room, serial_column_ruins,
          column_ruins_hut, column_ruins_hut, column_ruins_open_tiny,
          column_ruins_columns_plus, column_ruins_columns_water,
          column_ruins_open_small
D:14:     layout_irregular_city, serial_glass, glass_columns_a, glass_columns_a,
          minmay_strange_pillars, due_unseen_surprise, uniq_kirke
Temple:   nicolae_temple_x_marks_the_god

Skill      XL: |  1  2  3  4  5  6  7  8  9 10 11 12 |
---------------+-------------------------------------+-----
Necromancy     | 5 6 7 8 9 13 | 13.0
Spellcasting   | 3 5 6 |  6.2
Fighting       | 6 10 12 | 12.0
Axes           | 6 8 |  8.0
Armour         | 7 9 |  9.0
Dodging        | |  1.7
Stealth        | |  1.7

Action                   |  1- 3 |  4- 6 |  7- 9 | 10-12 || total
-------------------------+-------+-------+-------+-------++-------
Melee: Unarmed           |     2 |     3 |       |       ||     5
       Trident           |       |    20 |    23 |       ||    43
       Spear             |       |    37 |   137 |       ||   174
       Whip              |       |       |     3 |       ||     3
       War axe           |       |       |     1 |   381 ||   382
       Dagger            |       |       |       |     2 ||     2
Throw: Javelin           |     7 |       |    18 |     6 ||    31
 Cast: Pain              |    49 |    76 |    98 |    67 ||   290
       Animate Skeleton  |     3 |     7 |     2 |       ||    12
       Animate Dead      |       |     1 |    13 |    17 ||    31
       Vampiric Draining |       |       |    14 |    33 ||    47
       Dispel Undead     |       |       |       |     4 ||     4
       Borgnjor's Vile C |       |       |       |    11 ||    11
Evoke: Wand              |       |       |     7 |       ||     7
  Use: Scroll            |       |       |     5 |     2 ||     7
       Potion            |       |       |       |     1 ||     1
 Stab: Sleeping          |     1 |     4 |    14 |     9 ||    28
       Distracted        |       |       |       |     1 ||     1
  Eat: Ration            |     2 |     2 |     5 |     8 ||    17
Armor: Robe              |     2 |    25 |    66 |    36 ||   129
       Troll leather arm |       |       |       |   109 ||   109
Dodge: Dodged            |    12 |    52 |   137 |   269 ||   470

Table legend:
 A = Non-vault XP
 B = Vault XP
 C = Vault XP percentage of total XP
 D = Non-vault monster count
 E = Vault monster count
 F = Vault count percentage of total count
                 A         B        C        D         E       F
            +---------+---------+-------+---------+---------+-------
      Total |   29623 |    7762 |  20.8 |     282 |      76 |  21.2
            +---------+---------+-------+---------+---------+-------
        D:1 |      28 |       1 |   3.4 |      12 |       1 |   7.7
        D:2 |      63 |       0 |   0.0 |      15 |       0 |   0.0
        D:3 |     160 |       0 |   0.0 |      21 |       0 |   0.0
        D:4 |     105 |       1 |   0.9 |      12 |       1 |   7.7
        D:5 |     997 |     618 |  38.3 |      21 |      18 |  46.2
        D:6 |    1142 |     407 |  26.3 |      26 |       3 |  10.3
        D:7 |    1980 |       0 |   0.0 |      29 |       0 |   0.0
        D:8 |      10 |       0 |   0.0 |       2 |       0 |   0.0
       D:10 |    6205 |       0 |   0.0 |      48 |       0 |   0.0
       D:11 |    6381 |    1146 |  15.2 |      46 |      16 |  25.8
       D:12 |    2302 |     814 |  26.1 |      10 |      28 |  73.7
       D:13 |    7966 |    4775 |  37.5 |      31 |       9 |  22.5
       D:14 |    2284 |       0 |   0.0 |       9 |       0 |   0.0
            +---------+---------+-------+---------+---------+-------
